[Event "GER-ch Youth-U12 2024"]
[Site "Willingen"]
[Date "2024.05.22"]
[Round "6"]
[White "Rinke, Alexander"]
[Black "Schellinger, Florian"]
[Result "1-0"]
[ECO "C65"]
[WhiteElo "1596"]
[BlackElo "863"]
[Annotator "NA"]
[PlyCount "55"]
[EventDate "2022.06.05"]
[EventType "swiss"]
[EventRounds "9"]
[EventCountry "GER"]
[SourceTitle "playchess.com"]
[Source "ChessBase"]
[SourceQuality "1"]
[TimeControl "40/4500+30:900+30"]

1. e4 e5 2. Nf3 Nc6 3. Bb5 Nf6 4. d3 Bc5 5. O-O O-O 6. Bxc6 bxc6 7. Nxe5 Bd6 8. Nf3 Qe7 9. e5 Bxe5 10. Re1 Bxh2+ 11. Nxh2 Qd6 12. Nd2 Bb7 13. Nc4 Qd5 14. Re5 Qd4 15. Be3 Qh4 16. Bg5 Qd4 17. c3 Qxe5 18. Nxe5 Nd5 19. Qg4 Rfe8 20. Bh6 g6 21. d4 d6 22. c4 Nf6 23. Qf3 Re6 24. Nhg4 Nh5 25. Qxf7+ Kh8 26. Qxe6 Nf4 27. Qf6+ Kg8 28. Qg7# 1-0

[Event "GER-ch Youth-U12 2024"]
[Site "Willingen"]
[Date "2024.05.22"]
[Round "6"]
[White "Moskalenko, Michael"]
[Black "Jahn, Gustav"]
[Result "0-1"]
[ECO "E11"]
[WhiteElo "1574"]
[BlackElo "1755"]
[Annotator "NA RC"]
[PlyCount "64"]
[EventDate "2022.06.05"]
[EventType "swiss"]
[EventRounds "9"]
[EventCountry "GER"]
[SourceTitle "playchess.com"]
[Source "ChessBase"]
[SourceQuality "1"]
[TimeControl "40/4500+30:900+30"]

1. d4 Nf6 2. c4 e6 3. Nf3 d5 4. g3 Bb4+ 5. Bd2 Bxd2+ 6. Nbxd2 O-O 7. Bg2 Nbd7 8. Qc2 b6 9. O-O Bb7 10. Rfd1 c5 11. dxc5 bxc5 12. Rac1 Qb6 13. Nb3 d4 14. Qd2 e5 15. Qg5 e4 16. Ne5 Nxe5 17. Qxe5 Rac8 18. e3 d3 19. Rd2 Qb4 20. h4 a5 21. Rc3 Rfe8 22. Qf5 Ba6 23. a3 Qb6 24. f3 a4 25. Nc1 Qd6 26. Kh2 g6 27. Qh3 Rc7 28. fxe4 Bc8 29. Rcxd3 Qe5 30. Qxc8 Rcxc8 31. Bh3 Nxe4 32. Rd5 Qxg3+ 0-1

[Event "GER-ch Youth-U12 2024"]
[Site "Willingen"]
[Date "2024.05.22"]
[Round "6"]
[White "Grabowski, Joshua"]
[Black "König, Lian"]
[Result "1-0"]
[ECO "C90"]
[WhiteElo "1532"]
[BlackElo "1180"]
[Annotator "NA"]
[PlyCount "41"]
[EventDate "2022.06.05"]
[EventType "swiss"]
[EventRounds "9"]
[EventCountry "GER"]
[SourceTitle "playchess.com"]
[Source "ChessBase"]
[SourceQuality "1"]
[TimeControl "40/4500+30:900+30"]

1. e4 e5 2. Nf3 Nc6 3. Bb5 a6 4. Ba4 b5 5. Bb3 Nf6 6. d3 Be7 7. c3 d6 8. O-O O-O 9. Re1 Na5 10. Bd5 Nxd5 11. exd5 Bd7 12. b4 Nb7 13. Bb2 c6 14. dxc6 Bxc6 15. c4 bxc4 16. dxc4 Qd7 17. Nc3 Nd8 18. Nd5 Rb8 19. Bc3 Ne6 20. Bxe5 dxe5 21. Nxe5 1-0

[Event "GER-ch Youth-U12 2024"]
[Site "Willingen"]
[Date "2024.05.22"]
[Round "6"]
[White "Fass, Ben"]
[Black "Subocz, Barbara"]
[Result "1/2-1/2"]
[ECO "B22"]
[WhiteElo "1027"]
[BlackElo "1692"]
[Annotator "NA"]
[PlyCount "162"]
[EventDate "2022.06.05"]
[EventType "swiss"]
[EventRounds "9"]
[EventCountry "GER"]
[SourceTitle "playchess.com"]
[Source "ChessBase"]
[SourceQuality "1"]
[TimeControl "40/4500+30:900+30"]

1. e4 c5 2. c3 d5 3. exd5 Qxd5 4. d4 Nf6 5. Nf3 Bg4 6. Be2 e6 7. c4 Qd8 8. h3 Bh5 9. Nc3 Nc6 10. Be3 cxd4 11. Bxd4 Nxd4 12. Qxd4 Be7 13. O-O-O Qc7 14. Nb5 Qa5 15. g4 Bg6 16. g5 Nh5 17. Qd7+ Kf8 18. Qxb7 Rd8 19. Qxa7 Qxa7 20. Rxd8+ Bxd8 21. Nxa7 f6 22. Rd1 Kf7 23. Nc6 Bb6 24. gxf6 gxf6 25. Na7 Ra8 26. Rd6 Bxa7 27. Ra6 Be3+ 28. fxe3 Rxa6 29. a3 Ng3 30. Ng1 Nxe2+ 31. Nxe2 Bd3 32. Kd2 Bxc4 33. Nd4 Rd6 34. Kc3 Bf1 35. h4 Rd5 36. b4 Re5 37. Nc2 Rh5 38. a4 Rxh4 39. a5 Rc4+ 40. Kb3 Rc6 41. Nd4 Ra6 42. Ka4 h5 43. b5 Bxb5+ 44. Kxb5 Ra8 45. Kb6 h4 46. Nf3 h3 47. a6 Rb8+ 48. Kc7 Ra8 49. Kb7 Rxa6 50. Kxa6 e5 51. Nh2 Kg6 52. Kb5 Kg5 53. Nf1 Kg4 54. Kc4 Kf3 55. Kd3 Kf2 56. Nh2 Kg2 57. Ng4 f5 58. Nxe5 h2 59. e4 fxe4+ 60. Kxe4 h1=Q 61. Kf4 Qh4+ 62. Kf5 Qf2+ 63. Ke4 Kg3 64. Kd5 Qf5 65. Kd4 Kf4 66. Nd3+ Kg5 67. Kc4 Qe4+ 68. Kc3 Kf5 69. Kc2 Ke6 70. Kc3 Kd5 71. Nb4+ Kc5 72. Nd3+ Kb5 73. Kd2 Kc4 74. Nf2 Qf3 75. Nd1 Qd3+ 76. Ke1 Kd4 77. Nf2 Qe3+ 78. Kf1 Qf3 79. Ke1 Ke3 80. Nd1+ Kd3 81. Nf2+ Kc2 1/2-1/2

[Event "GER-ch Youth-U12 2024"]
[Site "Willingen"]
[Date "2024.05.23"]
[Round "7"]
[White "Nezhyvenko, Mykhaylo"]
[Black "Junge, Mattheo Gabriel"]
[Result "1/2-1/2"]
[ECO "B18"]
[WhiteElo "2075"]
[BlackElo "1817"]
[Annotator "RC"]
[PlyCount "151"]
[EventDate "2022.06.05"]
[EventType "swiss"]
[EventRounds "9"]
[EventCountry "GER"]
[SourceTitle "playchess.com"]
[Source "ChessBase"]
[SourceQuality "1"]
[TimeControl "40/4500+30:900+30"]

1. e4 c6 2. d4 d5 3. Nc3 dxe4 4. Nxe4 Bf5 5. Ng3 Bg6 6. Nf3 Nd7 7. Nh4 e6 8. Nxg6 hxg6 9. Bd3 Qc7 10. h3 Ngf6 11. O-O Bd6 12. Ne4 Nxe4 13. Bxe4 Nf6 14. Bf3 O-O 15. Qe2 Rad8 16. c3 Bh2+ 17. Kh1 Bf4 18. Bxf4 Qxf4 19. g3 Qc7 20. Kg2 Rfe8 21. Rae1 Rd7 22. h4 Rde7 23. Qc2 e5 24. dxe5 Rxe5 25. Rxe5 Qxe5 26. Rd1 Qa5 27. a4 Qe5 28. Qb3 Qc7 29. Qb4 Re6 30. Qd4 a6 31. b4 Re7 32. Qc4 Rd7 33. Re1 Re7 34. Rb1 Rd7 35. Qc5 Re7 36. Rd1 Rd7 37. Re1 Qd6 38. Qa7 Qc7 39. c4 Re7 40. Rxe7 Qxe7 41. Bxc6 Qxb4 42. Bxb7 Qxa4 43. Qxa6 Qxa6 44. Bxa6 Nd7 45. Bb7 Kf8 46. Bd5 Ke7 47. Kf3 f6 48. Ke3 Kd6 49. Kd4 Nc5 50. Ke3 g5 51. h5 Ke5 52. Kd2 f5 53. Kc3 f4 54. g4 Nd7 55. f3 Nc5 56. Kb4 Kd6 57. Kb5 Nd7 58. Ba8 Nc5 59. Bc6 Nd3 60. Kb6 Nc5 61. Bd5 Nd3 62. Kb7 Kd7 63. Kb6 Kd6 64. Be4 Nc5 65. Bf5 Nb3 66. Kb7 Nd2 67. Bd3 Nxf3 68. Kb6 Nd4 69. c5+ Kd5 70. Be2 Nxe2 71. c6 f3 72. c7 f2 73. c8=Q f1=Q 74. Qd7+ Ke4 75. Qxg7 Qg1+ 76. Kb7 1/2-1/2

[Event "GER-ch Youth-U12 2024"]
[Site "Willingen"]
[Date "2024.05.23"]
[Round "7"]
[White "Belin, Anton"]
[Black "Meijers, Janis"]
[Result "1-0"]
[ECO "B15"]
[WhiteElo "1948"]
[BlackElo "1787"]
[Annotator "NA RC"]
[PlyCount "105"]
[EventDate "2022.06.05"]
[EventType "swiss"]
[EventRounds "9"]
[EventCountry "GER"]
[SourceTitle "playchess.com"]
[Source "ChessBase"]
[SourceQuality "1"]
[TimeControl "40/4500+30:900+30"]

1. e4 c6 2. d4 d5 3. Nd2 dxe4 4. Nxe4 Nf6 5. Nxf6+ exf6 6. c3 Bd6 7. Bd3 O-O 8. Qc2 Re8+ 9. Ne2 h5 10. O-O Qc7 11. h3 h4 12. Bd2 f5 13. Rae1 g6 14. c4 Be6 15. Nc3 Na6 16. a3 f4 17. c5 Bf8 18. Bxg6 fxg6 19. Qxg6+ Qg7 20. Rxe6 f3 21. Ne4 Rxe6 22. Qxe6+ Kh8 23. Bg5 Nc7 24. Qg4 fxg2 25. Bf6 gxf1=Q+ 26. Kxf1 Kg8 27. Bxg7 Bxg7 28. Nf6+ Kf7 29. Nh5 Ne6 30. Nxg7 Nxg7 31. Qd7+ Kf6 32. Qxb7 Rd8 33. Qxc6+ Kf5 34. Qf3+ Ke6 35. Qe4+ Kf7 36. c6 a5 37. c7 Rc8 38. Qb7 Rxc7 39. Qxc7+ Kf6 40. d5 Ne8 41. d6 Nxc7 42. dxc7 a4 43. c8=Q Ke5 44. Qc4 Kd6 45. Qb5 Ke6 46. Ke2 Kd6 47. Kd3 Ke6 48. Ke4 Kf7 49. Qc6 Kf8 50. Qc7 Ke8 51. Kf5 Kf8 52. Kf6 Ke8 53. Qc8# 1-0

[Event "GER-ch Youth-U12 2024"]
[Site "Willingen"]
[Date "2024.05.23"]
[Round "7"]
[White "Li, Yunqi"]
[Black "Tarasenko, Nazar"]
[Result "1-0"]
[ECO "B92"]
[WhiteElo "1940"]
[BlackElo "2061"]
[Annotator "NA RC"]
[PlyCount "125"]
[EventDate "2022.06.05"]
[EventType "swiss"]
[EventRounds "9"]
[EventCountry "GER"]
[SourceTitle "playchess.com"]
[Source "ChessBase"]
[SourceQuality "1"]
[TimeControl "40/4500+30:900+30"]

1. e4 c5 2. Nf3 d6 3. d4 cxd4 4. Nxd4 Nf6 5. Nc3 a6 6. Be2 e5 7. Nb3 Be7 8. O-O O-O 9. Be3 b5 10. Nd5 Nbd7 11. Nxe7+ Qxe7 12. f3 Qe6 13. a4 d5 14. axb5 dxe4 15. fxe4 Bb7 16. bxa6 Bxe4 17. Bf3 Bxf3 18. Qxf3 Rxa6 19. Rxa6 Qxa6 20. Nc5 Nxc5 21. Bxc5 Re8 22. b4 e4 23. Qg3 Qe6 24. Bd4 Nh5 25. Qh4 Qd5 26. c3 e3 27. Qg4 h6 28. Re1 Re6 29. Rxe3 Rg6 30. Qe4 Qa2 31. Re2 Qa1+ 32. Re1 Qa2 33. Qe2 Qd5 34. Qe4 Qa2 35. Be5 Qa7+ 36. Kh1 Re6 37. Qf5 g6 38. Qe4 Kh7 39. Qh4 Qa8 40. Bg3 Qa6 41. h3 Qd3 42. Bf2 Rf6 43. Bd4 Rf4 44. Qe7 Ng3+ 45. Kg1 Rf1+ 46. Rxf1 Qxf1+ 47. Kh2 Ne2 48. Qe5 Nxd4 49. cxd4 f5 50. d5 Qf2 51. d6 f4 52. Qc3 g5 53. Qd3+ Kg7 54. d7 g4 55. Qc3+ Kh7 56. hxg4 Qh4+ 57. Kg1 Qd8 58. Qc8 Qh4 59. Qc2+ Kg7 60. Qd2 Qd8 61. Qd4+ Kh7 62. Qxf4 Qb6+ 63. Kh2 1-0

[Event "GER-ch Youth-U12 2024"]
[Site "Willingen"]
[Date "2024.05.23"]
[Round "7"]
[White "Bundan, Edward"]
[Black "Hoppe, Arthur"]
[Result "1-0"]
[ECO "C04"]
[WhiteElo "1897"]
[BlackElo "1859"]
[Annotator "NA RC"]
[PlyCount "69"]
[EventDate "2022.06.05"]
[EventType "swiss"]
[EventRounds "9"]
[EventCountry "GER"]
[SourceTitle "playchess.com"]
[Source "ChessBase"]
[SourceQuality "1"]
[TimeControl "40/4500+30:900+30"]

1. e4 e6 2. d4 d5 3. Nd2 Nc6 4. Ngf3 Nf6 5. e5 Nd7 6. c3 f6 7. exf6 Qxf6 8. Bd3 Bd6 9. O-O O-O 10. Qb3 Kh8 11. Bb1 Rg8 12. Qc2 Nf8 13. h4 e5 14. dxe5 Nxe5 15. Nxe5 Qxe5 16. Nf3 Qh5 17. Ng5 h6 18. Qe2 g6 19. Qxh5 gxh5 20. Nf7+ Kg7 21. Nxd6 cxd6 22. Bf4 Kf6 23. Bxd6 Be6 24. Re1 Ng6 25. Bxg6 Rxg6 26. Kh2 Rd8 27. Be5+ Kf7 28. Re3 Rdg8 29. g3 Rg4 30. Rae1 R4g6 31. a3 Rf8 32. Rf3+ Ke8 33. Rxf8+ Kxf8 34. Bd4 a6 35. Re5 1-0

[Event "GER-ch Youth-U12 2024"]
[Site "Willingen"]
[Date "2024.05.23"]
[Round "7"]
[White "Marynychenko, Yehor"]
[Black "Zhang, Yibo"]
[Result "1-0"]
[ECO "C96"]
[WhiteElo "1896"]
[BlackElo "1988"]
[Annotator "RC"]
[PlyCount "139"]
[EventDate "2022.06.05"]
[EventType "swiss"]
[EventRounds "9"]
[EventCountry "GER"]
[SourceTitle "playchess.com"]
[Source "ChessBase"]
[SourceQuality "1"]
[TimeControl "40/4500+30:900+30"]

1. e4 e5 2. Nf3 Nc6 3. Bb5 a6 4. Ba4 Nf6 5. O-O Be7 6. Re1 b5 7. Bb3 d6 8. c3 O-O 9. h3 Na5 10. Bc2 c5 11. d4 Nd7 12. Nbd2 Bf6 13. Nf1 exd4 14. cxd4 Nc6 15. Bf4 cxd4 16. Bxd6 Re8 17. Bb3 Nde5 18. Bxe5 Nxe5 19. Bd5 Nxf3+ 20. Qxf3 Ra7 21. Ng3 g6 22. Ne2 Be6 23. Nf4 Bg7 24. Qb3 Qd6 25. Bxe6 Qxf4 26. Bd5 Rc7 27. g3 Qf6 28. Rac1 Rec8 29. Rxc7 Rxc7 30. e5 Qe7 31. Qd3 Qb4 32. Re2 Rc1+ 33. Kg2 Qc5 34. Qf3 Qe7 35. e6 f5 36. Qa3 Bf8 37. Qxa6 Rc5 38. Bb3 f4 39. Qa8 Kg7 40. Qe4 f3+ 41. Qxf3 Qf6 42. Qxf6+ Kxf6 43. Rd2 Ke5 44. f4+ Ke4 45. e7 Bxe7 46. Re2+ Kd3 47. Rxe7 Kd2 48. Kf3 d3 49. Rd7 Rc8 50. a4 h5 51. axb5 Re8 52. f5 g5 53. Be6 Rb8 54. Bc4 Kc2 55. Bxd3+ Kxb2 56. f6 Kc3 57. f7 Kd2 58. Bg6+ Kc3 59. Bxh5 Kc4 60. Re7 Kxb5 61. Re8 Rb7 62. f8=Q g4+ 63. Bxg4 Kb6 64. Re6+ Ka7 65. Re7 Rxe7 66. Qxe7+ Ka8 67. Qd7 Kb8 68. Ke3 Ka8 69. Bf3+ Kb8 70. Qb7# 1-0

[Event "GER-ch Youth-U12 2024"]
[Site "Willingen"]
[Date "2024.05.23"]
[Round "7"]
[White "Rodriguez Klasen, Ennio"]
[Black "Vartanian, Roman"]
[Result "1-0"]
[ECO "B55"]
[WhiteElo "1802"]
[BlackElo "1797"]
[Annotator "NA RC"]
[PlyCount "129"]
[EventDate "2022.06.05"]
[EventType "swiss"]
[EventRounds "9"]
[EventCountry "GER"]
[SourceTitle "playchess.com"]
[Source "ChessBase"]
[SourceQuality "1"]
[TimeControl "40/4500+30:900+30"]

1. e4 c5 2. Nf3 d6 3. d4 cxd4 4. Nxd4 Nf6 5. f3 e5 6. Nb3 Be6 7. c4 Qc7 8. Bg5 Nbd7 9. Nc3 h6 10. Be3 Bxc4 11. Rc1 Bxb3 12. Qxb3 Qa5 13. Bc4 d5 14. Bxd5 Nxd5 15. Qxd5 Qxd5 16. Nxd5 Kd8 17. Ke2 b6 18. Rhd1 Bc5 19. Bxc5 bxc5 20. b4 Rc8 21. bxc5 Rxc5 22. Rxc5 Nxc5 23. Rc1 Ne6 24. Ke3 Kd7 25. Rb1 Nc5 26. Rb5 Kc6 27. Rb4 Re8 28. a3 f5 29. Rb2 g6 30. Nb4+ Kd6 31. Rd2+ Kc7 32. Rd5 f4+ 33. Kd2 Nb3+ 34. Kc3 Nd4 35. Nd3 Nc6 36. Kc4 g5 37. Rc5 Kb6 38. Rb5+ Kc7 39. Rc5 Kb6 40. Rb5+ Kc7 41. Nc5 Kd6 42. Nb7+ Kc7 43. Na5 Nxa5+ 44. Rxa5 Kb6 45. Rb5+ Kc6 46. Rd5 Re7 47. a4 Kb6 48. Kb4 Re6 49. a5+ Kc6 50. Rc5+ Kb7 51. Kb5 h5 52. h3 a6+ 53. Kc4 g4 54. hxg4 hxg4 55. Kd5 gxf3 56. gxf3 Rg6 57. Kxe5 Rg5+ 58. Kd4 Rg3 59. Rc3 Rg1 60. Ke5 Rg5+ 61. Kxf4 Rxa5 62. e5 Rd5 63. e6 Rd6 64. e7 Rf6+ 65. Ke5 1-0

[Event "GER-ch Youth-U12 2024"]
[Site "Willingen"]
[Date "2024.05.23"]
[Round "7"]
[White "Fischermann, Simon"]
[Black "Shevchenko, Igor"]
[Result "1-0"]
[ECO "B12"]
[WhiteElo "1789"]
[BlackElo "1758"]
[Annotator "NA RC"]
[PlyCount "75"]
[EventDate "2022.06.05"]
[EventType "swiss"]
[EventRounds "9"]
[EventCountry "GER"]
[SourceTitle "playchess.com"]
[Source "ChessBase"]
[SourceQuality "1"]
[TimeControl "40/4500+30:900+30"]

1. e4 c6 2. d4 d5 3. e5 Bf5 4. h4 h5 5. Bd3 Bxd3 6. Qxd3 Qa5+ 7. Bd2 Qa6 8. Qxa6 Nxa6 9. e6 Nc7 10. exf7+ Kxf7 11. Nf3 Nf6 12. O-O Ne4 13. Ne5+ Kg8 14. Bg5 Kh7 15. c3 g6 16. f3 Nxg5 17. hxg5 Bg7 18. Re1 Bxe5 19. Rxe5 e6 20. Nd2 Kg7 21. Kf2 Kf7 22. Nf1 Ke7 23. f4 Kd6 24. Ne3 Raf8 25. Kf3 Ne8 26. b3 Ng7 27. c4 Rf7 28. Re1 Rhf8 29. g3 b6 30. Ng2 Re8 31. Nh4 Nf5 32. Nxf5+ Rxf5 33. Rxf5 gxf5 34. Kg2 dxc4 35. bxc4 b5 36. cxb5 cxb5 37. Kh3 h4 38. gxh4 1-0

[Event "GER-ch Youth-U12 2024"]
[Site "Willingen"]
[Date "2024.05.23"]
[Round "7"]
[White "Yozgyur, Ediz"]
[Black "Lee, Ho In"]
[Result "0-1"]
[ECO "B77"]
[WhiteElo "1789"]
[BlackElo "1668"]
[Annotator "NA RC"]
[PlyCount "118"]
[EventDate "2022.06.05"]
[EventType "swiss"]
[EventRounds "9"]
[EventCountry "GER"]
[SourceTitle "playchess.com"]
[Source "ChessBase"]
[SourceQuality "1"]
[TimeControl "40/4500+30:900+30"]

1. e4 c5 2. Nf3 Nc6 3. d4 cxd4 4. Nxd4 Nf6 5. Nc3 d6 6. Bc4 g6 7. f3 Bg7 8. Be3 O-O 9. Qd2 Nxd4 10. Bxd4 Be6 11. Bxe6 fxe6 12. h4 Qa5 13. O-O-O Rfc8 14. g4 Nd7 15. Bxg7 Kxg7 16. h5 g5 17. f4 gxf4 18. g5 Ne5 19. g6 h6 20. Qxf4 Rf8 21. Qh4 Rf6 22. Rhf1 Raf8 23. Rxf6 Rxf6 24. Qh3 Qa6 25. Qe3 Qa5 26. Qe2 a6 27. Rf1 Nd7 28. a3 Qg5+ 29. Kb1 Rxf1+ 30. Qxf1 Ne5 31. Qh3 Qg4 32. Qxg4 Nxg4 33. Ne2 Kf6 34. Ng3 Ke5 35. Nh1 Nf6 36. Nf2 Kf4 37. b4 Nxh5 38. c4 Kf3 39. Nd1 Kxe4 40. b5 Kd4 41. Nb2 Kc3 42. bxa6 bxa6 43. Na4+ Kxc4 44. Nb6+ Kb3 45. Nc8 Ng7 46. Nxe7 h5 47. Nc8 d5 48. Nd6 h4 49. Nf7 h3 50. Kc1 h2 51. Kd2 h1=Q 52. Ng5 Qh6 53. Kd3 Qxg5 54. a4 Qe5 55. a5 Qe4+ 56. Kd2 Kb2 57. Kd1 Qg2 58. Ke1 Kc3 59. Kd1 Qd2# 0-1

[Event "GER-ch Youth-U12 2024"]
[Site "Willingen"]
[Date "2024.05.23"]
[Round "7"]
[White "Noll, Raphael"]
[Black "Rinke, Alexander"]
[Result "1-0"]
[ECO "B15"]
[WhiteElo "1775"]
[BlackElo "1596"]
[Annotator "NA RC"]
[PlyCount "103"]
[EventDate "2022.06.05"]
[EventType "swiss"]
[EventRounds "9"]
[EventCountry "GER"]
[SourceTitle "playchess.com"]
[Source "ChessBase"]
[SourceQuality "1"]
[TimeControl "40/4500+30:900+30"]

1. e4 c6 2. d4 d5 3. Nd2 dxe4 4. Nxe4 Nf6 5. Nxf6+ exf6 6. c3 Bd6 7. Bd3 O-O 8. Ne2 Re8 9. O-O Nd7 10. Qc2 h6 11. Be3 Nf8 12. Rfe1 Qc7 13. h3 Be6 14. c4 Rac8 15. Nc3 a6 16. Ne4 Bf4 17. c5 Bd5 18. Bxf4 Qxf4 19. Nd6 Rxe1+ 20. Rxe1 Rc7 21. Re8 g6 22. Bxg6 Qg5 23. Be4 Bxe4 24. Qxe4 Qg6 25. Nf5 Qg5 26. Qg4 Rd7 27. Qxg5+ hxg5 28. Re7 Rxe7 29. Nxe7+ Kg7 30. d5 cxd5 31. Nxd5 Ne6 32. b4 f5 33. Kf1 Kg6 34. g4 fxg4 35. hxg4 Nd4 36. Ke1 f5 37. gxf5+ Kxf5 38. Kd2 Ke4 39. Nf6+ Kf3 40. Kd3 Nc6 41. Kc4 Kxf2 42. b5 Nb8 43. Ne4+ Ke3 44. Nxg5 Kf4 45. Ne6+ Ke5 46. Nd8 b6 47. Nc6+ Nxc6 48. bxc6 b5+ 49. Kb4 Ke6 50. Ka5 Ke7 51. Kxa6 b4 52. Kb7 1-0

[Event "GER-ch Youth-U12 2024"]
[Site "Willingen"]
[Date "2024.05.23"]
[Round "7"]
[White "Zimmer, Tim"]
[Black "Vu Hoang Bach"]
[Result "1-0"]
[ECO "B01"]
[WhiteElo "1772"]
[BlackElo "1677"]
[Annotator "NA RC"]
[PlyCount "59"]
[EventDate "2022.06.05"]
[EventType "swiss"]
[EventRounds "9"]
[EventCountry "GER"]
[SourceTitle "playchess.com"]
[Source "ChessBase"]
[SourceQuality "1"]
[TimeControl "40/4500+30:900+30"]

1. e4 d5 2. exd5 Qxd5 3. Nc3 Qd6 4. d4 Nf6 5. Nf3 Nc6 6. Nb5 Qd8 7. c4 a6 8. Nc3 Bg4 9. d5 Bxf3 10. Qxf3 Nd4 11. Qd3 e5 12. Be2 Bb4 13. O-O O-O 14. Bg5 Qd6 15. f4 Bc5 16. Kh1 e4 17. Qh3 Rae8 18. a3 a5 19. Rab1 Nd7 20. f5 Nxe2 21. Nxe2 f6 22. Bd2 a4 23. Nf4 Rf7 24. Ne6 Ne5 25. Bf4 Ba7 26. Rbe1 b5 27. Rxe4 h6 28. Bxh6 gxh6 29. Qxh6 Ree7 30. Rh4 1-0

[Event "GER-ch Youth-U12 2024"]
[Site "Willingen"]
[Date "2024.05.23"]
[Round "7"]
[White "Fadeev, Justin Michael"]
[Black "Sheng, Ming"]
[Result "0-1"]
[ECO "B13"]
[WhiteElo "1762"]
[BlackElo "2031"]
[Annotator "RC"]
[PlyCount "94"]
[EventDate "2022.06.05"]
[EventType "swiss"]
[EventRounds "9"]
[EventCountry "GER"]
[SourceTitle "playchess.com"]
[Source "ChessBase"]
[SourceQuality "1"]
[TimeControl "40/4500+30:900+30"]

1. e4 c6 2. d4 d5 3. exd5 cxd5 4. Bd3 Nc6 5. c3 Nf6 6. Bf4 Bg4 7. Qb3 Qc8 8. Nd2 e6 9. Ngf3 Be7 10. O-O O-O 11. Rae1 Bh5 12. Ne5 Nxe5 13. Bxe5 Bg6 14. Bxg6 hxg6 15. Qc2 b5 16. Qd3 b4 17. Bxf6 gxf6 18. Re3 bxc3 19. bxc3 Qd7 20. Rfe1 Kg7 21. h4 Rh8 22. g3 Rac8 23. Kg2 Bd6 24. Nb3 Qa4 25. R1e2 Rc4 26. Qd2 Qa6 27. Qd3 Qc8 28. Na5 Rc7 29. Rb2 Rh5 30. Rb1 Rh8 31. a4 Rd8 32. Rb2 e5 33. Rb3 e4 34. Qb5 f5 35. Nb7 Rdd7 36. Nxd6 Rxd6 37. Qe2 Rc4 38. Rb4 Rxc3 39. Qb2 Rc2 40. Qb3 f4 41. gxf4 Rf6 42. Rb8 Qg4+ 43. Rg3 Rxf2+ 44. Kxf2 Qxf4+ 45. Ke2 Qf1+ 46. Kd2 Rf2+ 47. Kc3 Qe1# 0-1

[Event "GER-ch Youth-U12 2024"]
[Site "Willingen"]
[Date "2024.05.23"]
[Round "7"]
[White "Rau, Eduard"]
[Black "Peglau, Paul David"]
[Result "0-1"]
[ECO "B01"]
[WhiteElo "1756"]
[BlackElo "1806"]
[Annotator "NA RC"]
[PlyCount "94"]
[EventDate "2022.06.05"]
[EventType "swiss"]
[EventRounds "9"]
[EventCountry "GER"]
[SourceTitle "playchess.com"]
[Source "ChessBase"]
[SourceQuality "1"]
[TimeControl "40/4500+30:900+30"]

1. e4 d5 2. exd5 Qxd5 3. Nc3 Qd6 4. d4 Nf6 5. Bc4 a6 6. Nf3 Bg4 7. Be3 e6 8. h3 Bh5 9. Qe2 Nbd7 10. Bb3 O-O-O 11. O-O-O Nb6 12. Bg5 Be7 13. Kb1 Rhe8 14. Bh4 Nbd5 15. Nxd5 exd5 16. Rd3 Ne4 17. Bxe7 Rxe7 18. Re3 f5 19. Qd3 Bg6 20. Re2 Rde8 21. Ne5 c5 22. Nxg6 Qxg6 23. Bxd5 Nc3+ 24. Qxc3 Rxe2 25. Bf3 R2e7 26. Rd1 Qf6 27. Qxc5+ Kb8 28. Qb4 g5 29. d5 Rd7 30. c4 g4 31. c5 gxf3 32. c6 Rc7 33. Qf4 bxc6 34. d6 Rd7 35. Qb4+ Rb7 36. d7 Rd8 37. Qf4+ Ka8 38. b3 Rdxd7 39. Rxd7 Rxd7 40. Qc4 fxg2 41. Qxa6+ Kb8 42. Qb6+ Rb7 43. Qe3 g1=Q+ 44. Kc2 Qd6 45. Qe8+ Ka7 46. Qe3+ c5 47. Qe2 Rd7 0-1

[Event "GER-ch Youth-U12 2024"]
[Site "Willingen"]
[Date "2024.05.23"]
[Round "7"]
[White "Jahn, Gustav"]
[Black "Schmidt, Jossip"]
[Result "1-0"]
[ECO "B76"]
[WhiteElo "1755"]
[BlackElo "1603"]
[Annotator "NA RC"]
[PlyCount "43"]
[EventDate "2022.06.05"]
[EventType "swiss"]
[EventRounds "9"]
[EventCountry "GER"]
[SourceTitle "playchess.com"]
[Source "ChessBase"]
[SourceQuality "1"]
[TimeControl "40/4500+30:900+30"]

1. e4 c5 2. Nf3 d6 3. d4 cxd4 4. Nxd4 Nf6 5. Nc3 g6 6. Be3 Bg7 7. f3 O-O 8. Qd2 Bd7 9. g4 a6 10. h4 h5 11. gxh5 Nxh5 12. Bc4 Qc7 13. Bb3 Nc6 14. Nd5 Qd8 15. O-O-O b5 16. Rhg1 Rb8 17. Nxc6 Bxc6 18. Nb4 Bb7 19. Rxg6 a5 20. Qg2 Kh7 21. Rg1 Bxb2+ 22. Kxb2 1-0

[Event "GER-ch Youth-U12 2024"]
[Site "Willingen"]
[Date "2024.05.23"]
[Round "7"]
[White "Lanert, Theodor"]
[Black "Wettstein, Levin"]
[Result "0-1"]
[ECO "C54"]
[WhiteElo "1742"]
[BlackElo "1753"]
[Annotator "NA RC"]
[PlyCount "122"]
[EventDate "2022.06.05"]
[EventType "swiss"]
[EventRounds "9"]
[EventCountry "GER"]
[SourceTitle "playchess.com"]
[Source "ChessBase"]
[SourceQuality "1"]
[TimeControl "40/4500+30:900+30"]

1. e4 e5 2. Nf3 Nc6 3. Bc4 Bc5 4. c3 Nf6 5. d4 exd4 6. b4 Bb6 7. e5 d5 8. exf6 dxc4 9. Qe2+ Be6 10. b5 d3 11. Qe4 Na5 12. fxg7 Rg8 13. Qxh7 Kd7 14. Ba3 Qf6 15. Bf8 Re8 16. O-O Rexf8 17. gxf8=N+ Rxf8 18. Qh4 Qxh4 19. Nxh4 Rg8 20. g3 c6 21. a4 Bd8 22. Nf3 Bf6 23. Nfd2 Bd5 24. Re1 Bh8 25. f4 f5 26. Kf2 Bf6 27. Nf3 Nb3 28. Ra2 Bd8 29. Ne5+ Kd6 30. h4 Bb6+ 31. Kf1 Rxg3 32. Rf2 Rh3 33. Nxc4+ Bxc4 34. Kg2 Bxf2 35. Kxf2 Rxh4 36. Rd1 Rxf4+ 37. Ke3 Re4+ 38. Kf3 Bd5 39. Rxd3 f4 40. Kg4 Re3 41. Rd1 cxb5 42. axb5 f3 43. Kf4 Re4+ 44. Kg3 Kc5 45. Rd3 Re8 46. Na3 Nc1 47. Rd1 Ne2+ 48. Kf2 Nxc3 49. Rc1 Kb4 50. Nc2+ Kxb5 51. Ne3 Kb4 52. Nxd5+ Nxd5 53. Kxf3 Nc3 54. Rc2 Kb3 55. Rc1 a5 56. Rh1 a4 57. Rh6 a3 58. Rb6+ Kc2 59. Rxb7 a2 60. Ra7 Kb2 61. Rb7+ Ka3 0-1

[Event "GER-ch Youth-U12 2024"]
[Site "Willingen"]
[Date "2024.05.23"]
[Round "7"]
[White "Schulz, Robin"]
[Black "Sasikumar Anitha, Sarvesh"]
[Result "0-1"]
[ECO "C02"]
[WhiteElo "1730"]
[BlackElo "1703"]
[Annotator "NA RC"]
[PlyCount "88"]
[EventDate "2022.06.05"]
[EventType "swiss"]
[EventRounds "9"]
[EventCountry "GER"]
[SourceTitle "playchess.com"]
[Source "ChessBase"]
[SourceQuality "1"]
[TimeControl "40/4500+30:900+30"]

1. e4 e6 2. d4 d5 3. e5 c5 4. c3 Nc6 5. Nf3 Qb6 6. a3 c4 7. Be2 Bd7 8. Nbd2 Na5 9. O-O Rc8 10. Rb1 Be7 11. Re1 Nh6 12. Qc2 Nf5 13. h3 O-O 14. g4 Nh4 15. Nxh4 Bxh4 16. Nf3 Be7 17. Be3 Nb3 18. Bd1 f5 19. g5 f4 20. Bc1 Be8 21. Qe2 Bg6 22. Bc2 Bxc2 23. Qxc2 Qd8 24. g6 h6 25. Kh2 Rf5 26. Rg1 Qe8 27. Bd2 Qd7 28. Rg2 Rcf8 29. Re1 Qe8 30. h4 Qd8 31. Kh3 Rh5 32. Kg4 Rhf5 33. h5 Qe8 34. Rh2 Bd8 35. Rh3 Qe7 36. Nh2 Rg5+ 37. Kf3 Rff5 38. Bxf4 Rxh5 39. Rxh5 Rxh5 40. Ke2 Qf8 41. Ke3 Rh3+ 42. f3 Bg5 43. Bxg5 hxg5 44. Qg2 Qf4+ 0-1

[Event "GER-ch Youth-U12 2024"]
[Site "Willingen"]
[Date "2024.05.23"]
[Round "7"]
[White "Vinogradov, Ilia"]
[Black "Draude, Theo"]
[Result "1-0"]
[ECO "B96"]
[WhiteElo "1723"]
[BlackElo "1731"]
[Annotator "NA RC"]
[PlyCount "39"]
[EventDate "2022.06.05"]
[EventType "swiss"]
[EventRounds "9"]
[EventCountry "GER"]
[SourceTitle "playchess.com"]
[Source "ChessBase"]
[SourceQuality "1"]
[TimeControl "40/4500+30:900+30"]

1. e4 c5 2. Nf3 d6 3. d4 cxd4 4. Nxd4 Nf6 5. Nc3 a6 6. Bg5 e6 7. f4 Qc7 8. Qf3 b5 9. O-O-O Bb7 10. Bd3 b4 11. Nce2 Nbd7 12. g4 a5 13. Kb1 a4 14. Bxf6 gxf6 15. g5 Be7 16. Qh5 Nc5 17. gxf6 Bxf6 18. Nb5 Qe7 19. Nxd6+ Kf8 20. Qxc5 1-0